[Event "Titled Tuesday Blitz May 03 Early 2022"]
[White "Kotepalli, Sai Nirupama"]
[Black "Khabinets, Ivan"]
[WhiteFideId "5039444"]
[BlackFideId "14115980"]
[WhiteElo "2396"]
[BlackElo "2114"]
[Result "0-1"]
[Round "04"]
[TimeControl "180+1"]
[Date "2022.05.03"]
[WhiteClock "0:00:02"]
[BlackClock "0:01:04"]

1. e4 c5 2. Nf3 d6 3. d3 Nf6 4. g3 Nc6 5. Bg2 g6 6. O-O Bg7 7. c3 e5 8. a3 O-O 9. b4 b6 10. b5 Ne7 11. c4 a6 12. a4 axb5 13. cxb5 Nd7 14. Nh4 Bb7 15. Nd2 d5 16. Bb2 d4 17. Nc4 Nc8 18. Qb3 Qe7 19. a5 bxa5 20. Nxa5 Ndb6 21. Rfc1 Nd6 22. Rxc5 Nxe4 23. Rcc1 Bd5 24. Qa3 Nd6 25. Bxd5 Nxd5 26. Qc5 Qe6 27. Nc6 Bh6 28. Qxd5 Qxd5 29. Ne7+ Kg7 30. Nxd5 Bxc1 31. Rxc1 Nxb5 32. f4 Ra2 33. Rb1 Rb8 34. Ba1 Rba8 35. Rxb5 Rxa1+ 36. Kg2 R8a2+ 37. Kh3 Rh1 38. Nf3 h5 39. g4 hxg4+ 40. Kxg4 f5+ 41. Kg3 e4 42. Rb7+ Kf8 43. Ne5 Rhxh2 44. Nxg6+ Ke8 45. Rd7 Rag2# 0-1


[Site "https://www.chess.com"]

[Event "Titled Tuesday Blitz May 03 Early 2022"]
[White "Kouskoutis, Georgios-Alexandros"]
[Black "Rustemov, Alexander"]
[WhiteFideId "4234049"]
[BlackFideId "4119002"]
[WhiteElo "2130"]
[BlackElo "2733"]
[Result "0-1"]
[Round "04"]
[TimeControl "180+1"]
[Date "2022.05.03"]
[WhiteClock "0:00:01"]
[BlackClock "0:00:20"]

1. c4 c5 2. g3 g6 3. Bg2 Bg7 4. Nc3 Nc6 5. e4 d6 6. Nge2 e6 7. O-O Nge7 8. Rb1 O-O 9. a3 b6 10. b4 Rb8 11. d3 Nd4 12. Nxd4 Bxd4 13. Nb5 Bg7 14. Nxa7 Bd7 15. Nb5 Bc6 16. Bf4 Be5 17. Bd2 Qd7 18. a4 Ra8 19. Qb3 Ra6 20. Nc3 Ra7 21. b5 Bb7 22. a5 Rxa5 23. Na4 Ra7 24. Nxb6 Qd8 25. Na4 Nc8 26. Nc3 Nb6 27. Ra1 Qa8 28. Qb2 Na4 29. Qc2 Nb6 30. Rxa7 Qxa7 31. f4 Bd4+ 32. Kh1 Ra8 33. Ne2 Bg7 34. Bc3 Qa2 35. Qxa2 Rxa2 36. Bxg7 Kxg7 37. Nc1 Ra3 38. e5 d5 39. Rd1 Na4 40. Kg1 Ra1 41. Kf2 Nc3 42. Rd2 Rxc1 0-1


[Site "https://www.chess.com"]

[Event "Titled Tuesday Blitz May 03 Early 2022"]
[White "Kozak, Adam"]
[Black "Nakamura, Hikaru"]
[WhiteFideId "753246"]
[BlackFideId "2016192"]
[WhiteElo "2459"]
[BlackElo "2850"]
[Result "0-1"]
[Round "04"]
[TimeControl "180+1"]
[Date "2022.05.03"]
[WhiteClock "0:00:01"]
[BlackClock "0:00:09"]

1. Nf3 d5 2. g3 g6 3. Bg2 Bg7 4. d4 Nd7 5. c4 dxc4 6. O-O Ngf6 7. Nc3 O-O 8. a4 a5 9. e4 Nb6 10. Qe2 Bg4 11. Be3 Nfd7 12. Rfd1 c6 13. h3 Bxf3 14. Bxf3 Qc7 15. Bg2 Rad8 16. h4 h5 17. d5 cxd5 18. exd5 Nc8 19. Nb5 Qb8 20. Qxc4 Nd6 21. Qb3 Nf5 22. Ba7 Qe5 23. Re1 Qxb2 24. Qxb2 Bxb2 25. Rab1 Bf6 26. d6 b6 27. dxe7 Bxe7 28. Bh3 Bc5 29. Kg2 Nf6 30. Rbd1 Ng4 31. Bxg4 hxg4 32. Nc3 Bb4 33. Rxd8 Rxd8 34. Rc1 Rd6 35. Ne4 Re6 36. Ng5 Re8 37. Bxb6 f6 38. Rc6 fxg5 39. Rxg6+ Kh7 40. Rxg5 Nh6 41. Bxa5 Bxa5 42. Rxa5 Re2 43. Rb5 Ra2 44. a5 Kg6 45. Rg5+ Kf6 46. Rb5 Nf5 47. Kf1 Ra1+ 48. Kg2 Ra2 49. Rb4 Ke5 50. Rf4 Nh6 51. Rf8 Rxa5 52. Kg1 Ra1+ 53. Kg2 Ra2 54. Kg1 Nf5 55. Rg8 Ra4 56. Rg5 Kf6 57. Rg8 Nd4 58. Kg2 Nf3 59. Rf8+ Ke5 60. Rf4 Rxf4 61. gxf4+ Kxf4 62. h5 Nh4+ 63. Kh2 Nf5 64. Kg2 Kg5 65. f3 Nh4+ 66. Kg3 gxf3 67. h6 Kxh6 0-1


[Site "https://www.chess.com"]

[Event "Titled Tuesday Blitz May 03 Early 2022"]
[White "Krstulovic, Alex"]
[Black "Leiva, Gianmarco"]
[WhiteFideId "760056"]
[BlackFideId "3804399"]
[WhiteElo "2193"]
[BlackElo "2323"]
[Result "0-1"]
[Round "04"]
[TimeControl "180+1"]
[Date "2022.05.03"]
[WhiteClock "0:01:30"]
[BlackClock "0:02:03"]

1. e4 c6 2. d4 d5 3. exd5 cxd5 4. Bd3 Nc6 5. c3 g6 6. h4 h6 7. Bf4 Nf6 8. Nd2 Bf5 9. Bxf5 gxf5 10. Ngf3 e6 11. Ne5 Bd6 12. Qb3 Qc7 13. Ndf3 Ng4 14. Nxf7 Kxf7 15. Bxd6 Qxd6 16. Qxb7+ Ne7 17. O-O-O Rhb8 18. Ne5+ Qxe5 19. Qxe7+ Kxe7 20. dxe5 Nxf2 0-1


[Site "https://www.chess.com"]

[Event "Titled Tuesday Blitz May 03 Early 2022"]
[White "Lashkin, Jegor"]
[Black "Lehtosaari, Mauri"]
[WhiteFideId "13907808"]
[BlackFideId "501999"]
[WhiteElo "2368"]
[BlackElo "2538"]
[Result "1/2-1/2"]
[Round "04"]
[TimeControl "180+1"]
[Date "2022.05.03"]
[WhiteClock "0:00:04"]
[BlackClock "0:00:22"]

1. e4 d5 2. exd5 Qxd5 3. Nc3 Qe5+ 4. Be2 c6 5. Nf3 Qc7 6. O-O Bf5 7. d4 e6 8. Nh4 Bg6 9. Nxg6 hxg6 10. g3 Nf6 11. Bf3 Nbd7 12. Bf4 Bd6 13. Bxd6 Qxd6 14. Ne4 Nxe4 15. Bxe4 O-O 16. c3 Rad8 17. Qe2 b6 18. Rad1 Nf6 19. Bf3 c5 20. Rd2 cxd4 21. Rxd4 Qc5 22. Rfd1 Rxd4 23. Rxd4 Re8 24. Qc4 Qf5 25. Qd3 Qxd3 26. Rxd3 Kf8 27. Kf1 Ke7 28. Rd4 Rc8 29. h4 Rc7 30. Ke2 Nd7 31. Be4 f5 32. Bc2 Nc5 33. Ke3 e5 34. Rd5 Ke6 35. Rd8 Rd7 36. Re8+ Re7 37. Rg8 Kf7 38. Ra8 Kf6 39. Rf8+ Rf7 40. Rd8 Rc7 41. Rd6+ Kf7 42. h5 gxh5 43. Bxf5 Ke7 44. Rg6 Kf7 45. Rd6 Ke7 46. Rd5 Kf6 47. Bc2 Ke6 48. Rd8 Ke7 49. Rh8 g6 50. Rh7+ Kd6 51. Rxc7 Kxc7 52. Bxg6 Na4 53. Bxh5 Nxb2 54. Be2 Na4 55. Kd2 Kd6 56. Bc4 Nc5 57. f3 Ke7 58. Bb3 Kf6 59. Ke3 Kf5 60. Bc2+ Kg5 61. a3 Kf6 62. f4 exf4+ 63. Kxf4 Ne6+ 64. Ke4 Kg5 65. Bd1 Nc5+ 66. Kd5 Nd3 67. Kc6 Nb2 68. Bb3 Nd3 69. Bc2 Nc5 70. Kc7 b5 71. Kc6 Ne6 72. Kxb5 Kg4 73. Ka6 Nc7+ 74. Ka5 Kxg3 75. Kb4 Kf4 76. Kc5 Ke5 77. Bb3 Kf6 78. Kc4 Ke7 79. Kc5 Kd8 80. Ba4 Kc8 81. Kc6 Kb8 82. Bb5 Ne6 83. Bc4 Nd8+ 84. Kd6 Nb7+ 85. Kc6 Na5+ 86. Kb5 Nb7 87. Bd5 Nd6+ 88. Kc5 Nc8 89. a4 Kc7 90. a5 Nd6 91. c4 Nf5 92. Kb4 Nd6 93. Kc5 Nf5 94. Be4 Nd6 95. Bd3 Nf7 96. Kb5 Ne5 97. Be4 Nd7 98. c5 Ne5 99. Bd5 Nd7 100. Bc4 Nb8 101. Be6 Nc6 102. Bd5 Nb8 103. a6 Nd7 104. Bc6 Ne5 105. Bb7 Nd7 106. Bd5 Nb8 107. Be6 Nc6 108. Bd5 Nd4+ 109. Kc4 Nf5 110. Bb7 Ne7 111. Kd4 Nf5+ 112. Ke5 Ne7 113. Ke6 Ng6 114. Kf5 Ne7+ 115. Kf6 Ng8+ 116. Ke6 Nh6 117. Bf3 Ng8 118. Kf7 Nh6+ 119. Kf6 Ng8+ 120. Ke6 Nh6 121. c6 Ng8 122. Kf7 Nh6+ 123. Kf6 Ng8+ 124. Kf7 Nh6+ 125. Kg6 Ng8 126. Kf7 1/2-1/2


[Site "https://www.chess.com"]

[Event "Titled Tuesday Blitz May 03 Early 2022"]
[White "Lazavik, Denis"]
[Black "Bacrot, Etienne"]
[WhiteFideId "13515110"]
[BlackFideId "605506"]
[WhiteElo "2437"]
[BlackElo "2673"]
[Result "1-0"]
[Round "04"]
[TimeControl "180+1"]
[Date "2022.05.03"]
[WhiteClock "0:00:10"]
[BlackClock "0:00:08"]

1. d4 d5 2. c4 e6 3. Nf3 Nf6 4. g3 Be7 5. Bg2 O-O 6. O-O c6 7. b3 b6 8. Qc2 Bb7 9. Rd1 Nbd7 10. Nc3 c5 11. cxd5 Nxd5 12. Nxd5 Bxd5 13. e4 Bb7 14. Bb2 cxd4 15. Nxd4 Rc8 16. Qe2 Qe8 17. Nb5 Ba6 18. Qg4 e5 19. Rxd7 Bxb5 20. Bxe5 f6 21. Qe6+ Rf7 22. Rxe7 Qxe7 23. Qxc8+ Rf8 24. Qc7 Qxe5 25. Qxe5 fxe5 26. Rc1 Rd8 27. Bh3 Kf7 28. Kg2 Kf6 29. Bg4 a5 30. Rc7 Rd2 31. Rb7 Rd6 32. Bf3 Be8 33. h4 h6 34. Rc7 Bc6 35. Rc8 g5 36. hxg5+ hxg5 37. Rf8+ Kg6 38. Rf5 g4 39. Rxe5 gxf3+ 40. Kxf3 Rf6+ 41. Ke3 Kf7 42. f3 Rd6 43. Rh5 Bd7 44. Rh7+ Kg6 45. Rh8 Rd1 46. Rd8 Kf7 47. g4 b5 48. Ra8 a4 49. bxa4 bxa4 50. Ra7 Ke7 51. f4 Ra1 52. f5 Rxa2 53. e5 Ra1 54. e6 Re1+ 55. Kf4 Rxe6 56. fxe6 Kxe6 57. g5 Kd6 58. g6 Kc5 59. Rxd7 1-0


[Site "https://www.chess.com"]

[Event "Titled Tuesday Blitz May 03 Early 2022"]
[White "Legenia, Artem"]
[Black "Manukyan, Sargis A."]
[WhiteFideId "14136945"]
[BlackFideId "13303970"]
[WhiteElo "1936"]
[BlackElo "2187"]
[Result "0-1"]
[Round "04"]
[TimeControl "180+1"]
[Date "2022.05.03"]
[WhiteClock "0:00:05"]
[BlackClock "0:02:15"]

1. d4 d5 2. Nf3 Nf6 3. Bf4 Bf5 4. e3 Qc8 5. h3 c6 6. Bd3 h6 7. c3 Ne4 8. O-O e6 9. Qc2 Nd7 10. Nbd2 Ndf6 11. Ne5 Nxd2 12. Qxd2 Ne4 13. Qc2 Be7 14. f3 Nd6 15. e4 Bh7 16. exd5 Bxd3 17. Qxd3 cxd5 18. Rac1 O-O 19. Rfe1 b5 20. b3 Qb7 21. c4 bxc4 22. bxc4 Nxc4 23. Nxc4 dxc4 24. Rxc4 Rfc8 25. Rec1 Rxc4 26. Qxc4 Bf6 27. Be5 Bxe5 28. dxe5 Qb6+ 29. Qc5 Rc8 30. Qxb6 Rxc1+ 0-1


[Site "https://www.chess.com"]

[Event "Titled Tuesday Blitz May 03 Early 2022"]
[White "Levitskiy, Andrey"]
[Black "Schmakel, Sam"]
[WhiteFideId "14132885"]
[BlackFideId "2039311"]
[WhiteElo "2301"]
[BlackElo "2356"]
[Result "1-0"]
[Round "04"]
[TimeControl "180+1"]
[Date "2022.05.03"]
[WhiteClock "0:00:05"]
[BlackClock "0:00:29"]

1. e4 e5 2. Nf3 Nc6 3. Bc4 Bc5 4. c3 Nf6 5. d4 exd4 6. e5 d5 7. Bb5 Ne4 8. cxd4 Bb6 9. Nc3 O-O 10. Be3 Bg4 11. h3 Bh5 12. Qc2 Bg6 13. Qb3 Nxc3 14. Bxc6 bxc6 15. Qxc3 Be4 16. Ng5 Bxg2 17. Rg1 Be4 18. Nxe4 dxe4 19. Qxc6 Qh4 20. Bh6 g6 21. Bxf8 Rxf8 22. O-O-O Rd8 23. Rge1 Qxf2 24. Qf6 Qxf6 25. exf6 Bxd4 26. Rxe4 Bxb2+ 27. Kxb2 1-0


[Site "https://www.chess.com"]

[Event "Titled Tuesday Blitz May 03 Early 2022"]
[White "Lorparizangeneh, Shahin"]
[Black "Ciorgovean, Iustin"]
[WhiteFideId "12521604"]
[BlackFideId "1242911"]
[WhiteElo "2525"]
[BlackElo "2075"]
[Result "1-0"]
[Round "04"]
[TimeControl "180+1"]
[Date "2022.05.03"]
[WhiteClock "0:00:09"]
[BlackClock "0:00:18"]

1. e4 e5 2. Nf3 Nc6 3. Bb5 Nf6 4. d3 Bc5 5. Bxc6 dxc6 6. Qe2 Qe7 7. Be3 O-O 8. Bxc5 Qxc5 9. h3 Re8 10. c3 Qe7 11. Nbd2 c5 12. Nc4 Nd7 13. O-O b6 14. a4 a5 15. Nh2 Ba6 16. Ng4 f6 17. Nge3 Nf8 18. f4 exf4 19. Rxf4 Ng6 20. Rf2 Ne5 21. Nf5 Qd7 22. Nxe5 Rxe5 23. Qg4 Kh8 24. d4 cxd4 25. cxd4 Ree8 26. Re1 Rad8 27. e5 g6 28. Nh6 Qxg4 29. Nxg4 f5 30. Nf6 Re7 31. d5 Kg7 32. g4 Bb7 33. gxf5 gxf5 34. Rg2+ Kh8 35. Rd1 Rxe5 36. Kh2 Bxd5 37. Rc2 c6 38. Nh5 Rde8 39. Nf4 Kg7 40. Rg1+ Kf7 41. Nh5 Re2+ 42. Rxe2 Rxe2+ 43. Kg3 Rxb2 44. Kf4 Rg2 45. Re1 Kg6 46. Ng3 Rf2+ 47. Ke5 f4 48. Ne2 f3 49. Nf4+ Kg5 50. Rg1+ Kh4 51. Rg4# 1-0


[Site "https://www.chess.com"]

[Event "Titled Tuesday Blitz May 03 Early 2022"]
[White "Maksimovic, Bojan"]
[Black "Halvax, Georg"]
[WhiteFideId "14408120"]
[BlackFideId "1619543"]
[WhiteElo "2448"]
[BlackElo "2403"]
[Result "0-1"]
[Round "04"]
[TimeControl "180+1"]
[Date "2022.05.03"]
[WhiteClock "0:00:10"]
[BlackClock "0:00:27"]

1. g3 d5 2. Bg2 e6 3. Nh3 b6 4. d3 Bb7 5. Nd2 Nd7 6. f4 c5 7. Nf2 Qc7 8. e4 f6 9. O-O O-O-O 10. Qe2 h5 11. Nf3 Nh6 12. h3 Bd6 13. a4 Nf7 14. a5 g5 15. a6 Bc6 16. e5 fxe5 17. fxg5 e4 18. dxe4 Bxg3 19. c4 d4 20. e5 Nfxe5 21. Nxe5 Bxe5 22. Nd3 Bg3 23. Qxe6 Bxg2 24. Kxg2 Rde8 25. Qd5 Re2+ 26. Kg1 Rhe8 27. Qa8+ Nb8 28. Qf3 Bd6 29. Qxh5 Qg7 30. Qg4+ Nd7 31. Bf4 Bxf4 32. Nxf4 R2e4 33. Rf2 d3 34. Raf1 Qd4 35. Kg2 Rg8 36. h4 Rf8 37. Qg3 d2 38. Nd5 Rxf2+ 39. Rxf2 Qxd5 40. cxd5 d1=Q 41. g6 Qxd5 42. Qf3 Rg4+ 43. Kh3 Qxf3+ 44. Rxf3 Rxg6 45. h5 Rg8 46. Kh4 Kc7 47. h6 Kd6 48. Kh5 Rh8 49. Kg6 Ne5+ 50. Kg7 Rxh6 51. Rf8 Rg6+ 52. Kh7 Re6 53. Ra8 Re7+ 54. Kh6 Rd7 55. Kg5 Nc4 56. b3 Na5 57. Kf6 Nxb3 58. Kf5 Nd4+ 59. Ke4 Nc2 60. Kd3 Nb4+ 61. Kc4 Nxa6 62. Rh8 Nc7 63. Rh1 Ne6 64. Re1 Nd4 65. Re3 Kc6 66. Rg3 b5+ 67. Kd3 Rd6 68. Ke4 Ne6 69. Ke5 Nc7 70. Rg7 c4 71. Rg1 a5 72. Ra1 a4 73. Ke4 Kc5 74. Ke3 Nd5+ 75. Ke4 Nb4 76. Ra3 Rd3 77. Ra1 c3 78. Rh1 Kc4 79. Rb1 c2 80. Rc1 Kc3 81. Rh1 Na2 82. Rh8 c1=Q 83. Rc8+ Kd2 84. Rxc1 Nxc1 85. Ke5 b4 86. Ke6 b3 87. Ke7 b2 88. Ke6 b1=Q 89. Kf5 Qb4 90. Ke5 Qd4+ 91. Ke6 Re3+ 92. Kf5 Qd3+ 93. Kf4 Qe2 94. Kg5 Rf3 95. Kh4 Qf2+ 96. Kg4 Qg2+ 97. Kh4 Rh3# 0-1


[Site "https://www.chess.com"]

[Event "Titled Tuesday Blitz May 03 Early 2022"]
[White "Mammadzada, Gunay"]
[Black "Murthy, Pappu"]
[WhiteFideId "13403729"]
[BlackFideId "2013401"]
[WhiteElo "2242"]
[BlackElo "2048"]
[Result "1-0"]
[Round "04"]
[TimeControl "180+1"]
[Date "2022.05.03"]
[WhiteClock "0:00:24"]
[BlackClock "0:01:04"]

1. e4 e6 2. d3 d5 3. Nd2 c5 4. g3 Bd6 5. Bg2 Ne7 6. Ne2 Nbc6 7. O-O O-O 8. f4 b6 9. e5 Bc7 10. Nf3 Bb7 11. d4 Nxd4 12. Nexd4 cxd4 13. Nxd4 a6 14. Kh1 b5 15. g4 Nc6 16. Be3 Nxd4 17. Bxd4 Bb6 18. c3 Bxd4 19. cxd4 Rc8 20. f5 Qg5 21. f6 g6 22. h3 Rc4 23. b3 Rc3 24. a4 Rfc8 25. axb5 axb5 26. Ra7 Bc6 27. Qa1 Be8 28. Ra8 Rc1 29. Qxc1 Qxc1 30. Rxc1 Rxc1+ 31. Bf1 Rc8 32. Rxc8 1-0


[Site "https://www.chess.com"]

[Event "Titled Tuesday Blitz May 03 Early 2022"]
[White "Martin Carmona, Gaston Manuel"]
[Black "Bocharov, Dmitry"]
[WhiteFideId "22284567"]
[BlackFideId "4138716"]
[WhiteElo "2146"]
[BlackElo "2541"]
[Result "0-1"]
[Round "04"]
[TimeControl "180+1"]
[Date "2022.05.03"]
[WhiteClock "0:00:47"]
[BlackClock "0:01:28"]

1. d4 Nf6 2. c4 e6 3. Nc3 Bb4 4. Qc2 c5 5. dxc5 Qc7 6. g3 a6 7. a3 Bxc5 8. Bg2 Be7 9. b3 d6 10. Nf3 Nbd7 11. O-O b6 12. Bb2 Bb7 13. Rfd1 Rc8 14. Rac1 O-O 15. Nh4 Bxg2 16. Nxg2 Qb7 17. Ne3 b5 18. cxb5 axb5 19. Qd2 Nc5 20. Qc2 d5 21. f3 b4 22. axb4 Qxb4 23. Na4 Nxa4 24. Qxc8 Nxb2 0-1


[Site "https://www.chess.com"]

[Event "Titled Tuesday Blitz May 03 Early 2022"]
[White "Matinian, Nikita"]
[Black "Le, Tuan Minh"]
[WhiteFideId "24129100"]
[BlackFideId "12401153"]
[WhiteElo "2422"]
[BlackElo "2450"]
[Result "0-1"]
[Round "04"]
[TimeControl "180+1"]
[Date "2022.05.03"]
[WhiteClock "0:00:01"]
[BlackClock "0:00:22"]

1. e4 c5 2. Nf3 Nf6 3. Nc3 d5 4. exd5 Nxd5 5. Bc4 Nb6 6. Bb5+ Bd7 7. d4 cxd4 8. Qxd4 Nc6 9. Qe4 a6 10. Bd3 g6 11. Bg5 Bf5 12. Qe2 Bxd3 13. cxd3 Bg7 14. h4 h6 15. Bd2 Nb4 16. O-O Qxd3 17. Qd1 O-O 18. Qb3 Qc4 19. Rae1 e6 20. Re4 Qxb3 21. axb3 Nc6 22. g4 Rfd8 23. g5 h5 24. Bf4 Rac8 25. Kg2 Nd5 26. Nxd5 Rxd5 27. Re2 Ne7 28. Bg3 Nf5 29. Ra1 Rd3 30. b4 Rb3 31. Rd1 Rxb4 32. Rd7 Bxb2 33. Kh3 a5 34. Be5 Bxe5 35. Nxe5 Rxh4+ 36. Kg2 Rf4 37. Rxb7 a4 38. Rd2 Nh4+ 39. Kg3 Rf5 40. f4 Rc3+ 41. Kh2 Rxf4 42. Rd8+ Kg7 43. Rbb8 Rf2+ 44. Kg1 Rg2+ 45. Kf1 Rc1+ 0-1


[Site "https://www.chess.com"]

[Event "Titled Tuesday Blitz May 03 Early 2022"]
[White "Matveeva, Olga"]
[Black "Ohanyan, Emin"]
[WhiteFideId "24107018"]
[BlackFideId "13312022"]
[WhiteElo "2083"]
[BlackElo "1927"]
[Result "0-1"]
[Round "04"]
[TimeControl "180+1"]
[Date "2022.05.03"]
[WhiteClock "0:00:14"]
[BlackClock "0:00:24"]

1. d4 d5 2. c4 c6 3. Nf3 Nf6 4. Qb3 e6 5. g3 a5 6. a4 Bb4+ 7. Bd2 Na6 8. Bg2 O-O 9. O-O Ne4 10. Nc3 Nxd2 11. Nxd2 dxc4 12. Qxc4 e5 13. Nf3 Be6 14. Qd3 exd4 15. Nxd4 Nc5 16. Qe3 Qf6 17. Nxe6 Nxe6 18. Rad1 Rad8 19. h4 Nc5 20. h5 Bxc3 21. bxc3 Nxa4 22. c4 Nb2 23. Rxd8 Rxd8 24. c5 Nc4 25. Qb3 Nd2 26. Qxb7 Nxf1 27. Bxf1 h6 28. Qa6 Rd5 29. Qxa5 Rxh5 30. Bg2 g6 31. Qa8+ Kg7 32. Qxc6 Qxc6 33. Bxc6 Rxc5 34. Bf3 h5 35. Kg2 Kh6 36. Kh2 g5 37. Kg2 f5 38. Kh2 Rc4 39. Kg2 Rb4 40. Bd5 Rd4 41. Bc6 Rd6 42. Bb7 Rb6 43. Ba8 Rb2 44. Bc6 Rxe2 45. Kf3 Rc2 46. Bd5 Rc3+ 47. Kg2 g4 48. Be6 Kg5 49. Bd5 f4 50. gxf4+ Kxf4 51. Bf7 h4 0-1


[Site "https://www.chess.com"]

[Event "Titled Tuesday Blitz May 03 Early 2022"]
[White "Melikhov, Evgeny V."]
[Black "Gottstein, Claudius-Thomas"]
[WhiteFideId "4122046"]
[BlackFideId "4653327"]
[WhiteElo "1931"]
[BlackElo "2109"]
[Result "1/2-1/2"]
[Round "04"]
[TimeControl "180+1"]
[Date "2022.05.03"]
[WhiteClock "0:01:25"]
[BlackClock "0:01:22"]

1. d4 d5 2. c4 Bf5 3. cxd5 Bxb1 4. Qa4+ c6 5. Rxb1 Qxd5 6. Nf3 Nd7 7. Qc2 Qxa2 8. e3 e6 9. Bc4 Bb4+ 10. Bd2 Bxd2+ 11. Nxd2 Qa5 12. b4 Qc7 13. O-O Ngf6 14. e4 O-O 15. e5 Nd5 16. Ne4 N7b6 17. Nd6 Nxc4 18. Qxc4 a6 19. Rfc1 Qd7 20. Rb3 Rfd8 21. Rg3 Qe7 22. Qe2 Rxd6 23. exd6 Qxd6 24. Qg4 g6 25. h4 Qf4 26. Qxf4 Nxf4 27. Kf1 Nd5 28. Rb1 h5 29. Rd3 Rd8 30. g3 Nc7 31. Kg2 Nb5 32. Rbd1 Kg7 33. f3 f5 34. Kf2 Kf6 35. Ke3 Nc7 36. Rb1 Nd5+ 37. Kf2 Nc7 38. Ke3 Nd5+ 39. Kf2 Nc7 40. Ke3 1/2-1/2


[Site "https://www.chess.com"]

[Event "Titled Tuesday Blitz May 03 Early 2022"]
[White "Menna Barreto, Felipe Kubiaki"]
[Black "Liyanage, Ranindu Dilshan"]
[WhiteFideId "2119757"]
[BlackFideId "9915834"]
[WhiteElo "2261"]
[BlackElo "1858"]
[Result "0-1"]
[Round "04"]
[TimeControl "180+1"]
[Date "2022.05.03"]
[WhiteClock "0:00:31"]
[BlackClock "0:00:12"]

1. Nf3 Nf6 2. d4 e6 3. Bg5 d5 4. e3 Nbd7 5. Nbd2 h6 6. Bh4 c5 7. c3 b6 8. a4 a6 9. Bd3 Bb7 10. Qb1 Be7 11. O-O O-O 12. h3 Re8 13. Bg3 c4 14. Bc2 b5 15. axb5 axb5 16. Rxa8 Qxa8 17. Ne5 Nb6 18. f4 b4 19. f5 exf5 20. Bxf5 Na4 21. cxb4 Bxb4 22. Ndf3 Ba6 23. Bh4 Be7 24. Qc2 Bb5 25. Bxf6 Bxf6 26. Bh7+ Kf8 27. Nxf7 Kxf7 28. Bg6+ Kg8 29. Bxe8 Qxe8 30. Qf5 Qxe3+ 31. Kh1 Qe4 32. Qc8+ Kh7 33. Qb7 Qe2 34. Re1 Qxb2 35. Qc8 Qc2 36. Qb8 Bd7 37. Ne5 Bf5 38. Nf7 Be4 39. Qg3 Nc3 40. Ne5 Ne2 41. Rxe2 Qxe2 42. Ng4 Qxg2+ 43. Qxg2 Bxg2+ 44. Kxg2 Bxd4 45. Kf3 Bf6 46. Ke2 Kg6 47. Kd2 d4 48. Nf2 Kf5 49. Ke2 d3+ 50. Kd2 Bd4 51. Nxd3 cxd3 52. Kxd3 Bf6 53. Ke2 Kf4 54. Kf2 Bd4+ 55. Kg2 Kg5 56. Kh2 Kh4 57. Kg2 Be5 58. Kh1 Kxh3 59. Kg1 g5 60. Kh1 g4 61. Kg1 g3 62. Kh1 g2+ 63. Kg1 Bd4# 0-1


[Site "https://www.chess.com"]

[Event "Titled Tuesday Blitz May 03 Early 2022"]
[White "Meshkovs, Nikita"]
[Black "Jobava, Baadur"]
[WhiteFideId "11602740"]
[BlackFideId "13601520"]
[WhiteElo "2506"]
[BlackElo "2617"]
[Result "0-1"]
[Round "04"]
[TimeControl "180+1"]
[Date "2022.05.03"]
[WhiteClock "0:00:04"]
[BlackClock "0:00:36"]

1. d4 d5 2. c4 dxc4 3. e3 Nf6 4. Bxc4 c5 5. Nf3 e6 6. O-O Nc6 7. Nc3 cxd4 8. exd4 Be7 9. a3 O-O 10. Bb3 Re8 11. Bc2 Bf8 12. Bg5 h6 13. Bh4 g5 14. Bg3 Bg7 15. Qd3 Ne7 16. Be5 Ng6 17. Rad1 g4 18. Bxf6 Qxf6 19. Ne4 Qf4 20. Ne5 Nxe5 21. dxe5 Bxe5 22. Ng3 f5 23. Rfe1 Rf8 24. Bb3 a5 25. Qb5 Bd4 26. Re2 Ra6 27. Nh5 Qd6 28. Red2 Qc5 29. Qe2 Bh8 30. Nf4 Qe5 31. Qc4 Rc6 32. Qa4 b5 33. Nd3 Qxh2+ 34. Kxh2 bxa4 35. Bxa4 Rd6 36. Nf4 Rxd2 37. Rxd2 Be5 38. g3 Kf7 39. Re2 Bxf4 40. gxf4 Bb7 41. Kg3 Rd8 42. Re3 Kf6 43. Bb3 Bd5 44. Bxd5 Rxd5 45. b4 axb4 46. axb4 Ke7 47. Rb3 Kd6 48. b5 Kc7 49. b6+ Kb7 50. Kh4 Rd4 51. Re3 Rxf4 52. Kg3 Rf3+ 53. Rxf3 gxf3 54. Kxf3 Kxb6 55. Kf4 Kc5 56. Ke5 h5 0-1


[Site "https://www.chess.com"]

[Event "Titled Tuesday Blitz May 03 Early 2022"]
[White "Miszler, Levente"]
[Black "Perez Gormaz, Matias"]
[WhiteFideId "763276"]
[BlackFideId "3406342"]
[WhiteElo "1966"]
[BlackElo "2322"]
[Result "0-1"]
[Round "04"]
[TimeControl "180+1"]
[Date "2022.05.03"]
[WhiteClock "0:00:13"]
[BlackClock "0:00:20"]

1. Nf3 d5 2. e3 Nf6 3. b3 Bg4 4. Bb2 Nbd7 5. h3 Bxf3 6. Qxf3 e5 7. c4 dxc4 8. Bxc4 c6 9. O-O Bd6 10. d4 O-O 11. Nd2 exd4 12. Bxd4 Qe7 13. Rad1 Be5 14. Rfe1 Rfe8 15. Bxe5 Nxe5 16. Qe2 Qa3 17. Nf3 Nxf3+ 18. Qxf3 Qxa2 19. Rd6 b5 20. Bd3 Qxb3 21. Rxc6 Qxd3 22. Rd1 Qe4 23. Rxf6 gxf6 24. Qg3+ Qg6 25. Qc7 a5 26. Rd4 h5 27. Rf4 a4 28. Qb6 Re6 29. Qb7 Rea6 30. Rf3 a3 31. Rg3 Qxg3 32. fxg3 a2 0-1


[Site "https://www.chess.com"]

[Event "Titled Tuesday Blitz May 03 Early 2022"]
[White "Moiseenko, Alexander"]
[Black "Hakobyan, Aram"]
[WhiteFideId "14102560"]
[BlackFideId "13306677"]
[WhiteElo "2577"]
[BlackElo "2557"]
[Result "1-0"]
[Round "04"]
[TimeControl "180+1"]
[Date "2022.05.03"]
[WhiteClock "0:00:10"]
[BlackClock "0:00:17"]

1. d4 d5 2. c4 e6 3. Nc3 Nf6 4. cxd5 exd5 5. Bg5 c6 6. e3 Bf5 7. Qf3 Bg6 8. Bxf6 Qxf6 9. Qxf6 gxf6 10. Nf3 Nd7 11. Kd2 Nb6 12. Bd3 a5 13. Nh4 a4 14. Ne2 Bb4+ 15. Kc2 Nc4 16. Ng3 a3 17. b3 Nb2 18. Bf5 Ke7 19. Rac1 Rhe8 20. Ne2 Kf8 21. g4 Rad8 22. h3 b6 23. Nf4 c5 24. Nd3 Nxd3 25. Kxd3 Ke7 26. Rc2 Kd6 27. Rd1 Re7 28. Ke2 Rc7 29. dxc5+ bxc5 30. e4 d4 31. Kd3 Kc6 32. f3 Kb5 33. Rc4 Rd6 34. Rdc1 Bc3 35. Rd1 Rd8 36. Kc2 Bb4 37. Kd3 Rc6 38. Rdc1 Rcd6 39. Rd1 Bc3 40. Rc1 Kb6 41. Rd1 Ra8 42. Rc1 Ra5 43. Rd1 Rb5 44. Rc1 Rd8 45. Rd1 Ra8 46. Rc1 Bb2 47. Rd1 Rxb3+ 48. axb3 a2 49. Ra4 Rxa4 50. bxa4 a1=Q 51. Rxa1 Bxa1 52. Kc4 Ka5 53. Ng2 Kxa4 54. Nf4 Bc3 55. Nd3 Ka3 56. Nxc5 Kb2 57. Kd3 Kc1 58. Nd7 Kd1 59. Nxf6 Ke1 60. Nxh7 Kf2 61. Bxg6 fxg6 62. f4 Kg3 63. f5 gxf5 64. exf5 Kxh3 65. g5 Bd2 66. g6 Bh6 67. f6 Kg4 68. g7 Bxg7 69. fxg7 Kh5 70. g8=Q Kh6 71. Qg5+ Kxh7 72. Kxd4 1-0


[Site "https://www.chess.com"]

[Event "Titled Tuesday Blitz May 03 Early 2022"]
[White "Murtazin, Bulat"]
[Black "Kosteniuk, Alexandra"]
[WhiteFideId "24151351"]
[BlackFideId "4128125"]
[WhiteElo "2329"]
[BlackElo "2469"]
[Result "1-0"]
[Round "04"]
[TimeControl "180+1"]
[Date "2022.05.03"]
[WhiteClock "0:00:04"]
[BlackClock "0:00:19"]

1. d4 Nf6 2. c4 e6 3. Nf3 c5 4. d5 b5 5. dxe6 fxe6 6. cxb5 a6 7. bxa6 d5 8. e3 Bd6 9. Bb5+ Bd7 10. Bd3 O-O 11. b3 Nxa6 12. O-O Nb4 13. Bb2 Nxd3 14. Qxd3 Qb8 15. Nc3 Ng4 16. h3 Rxf3 17. gxf3 Nh2 18. f4 Nxf1 19. Qxf1 Qe8 20. Qg2 Qf7 21. Nb1 Bc6 22. Nd2 Qb7 23. Qg4 Qf7 24. Nf3 d4 25. Ng5 Qf5 26. Nxe6 Qxg4+ 27. hxg4 d3 28. Kf1 Bf3 29. Ke1 c4 30. Kd2 Bxg4 31. Nd4 h5 32. bxc4 h4 33. f3 Bd7 34. Kxd3 h3 35. a3 Rb8 36. Bc3 Ra8 37. Nc2 Bc6 38. Rg1 Bf8 39. e4 Bd7 40. f5 h2 41. Rh1 Bd6 42. Ke3 Bg3 43. f4 Ba4 44. Nd4 Bd7 45. Ne2 Bh4 46. Rxh2 Be7 47. Rg2 Rxa3 48. Rxg7+ Kf8 49. Rh7 Bb4 50. Rxd7 Bxc3 51. Rd3 Bd2+ 52. Kxd2 Ra4 53. Ke3 Ra2 54. Ng3 Rg2 55. Kf3 Rh2 56. Re3 Ke7 57. e5 Rh3 58. f6+ Ke6 59. Kg4 Kf7 60. Kxh3 1-0


[Site "https://www.chess.com"]

[Event "Titled Tuesday Blitz May 03 Early 2022"]
[White "Nagy, Gabor"]
[Black "Avramidou, Anastasia"]
[WhiteFideId "737119"]
[BlackFideId "4239873"]
[WhiteElo "2534"]
[BlackElo "2183"]
[Result "1-0"]
[Round "04"]
[TimeControl "180+1"]
[Date "2022.05.03"]
[WhiteClock "0:02:25"]
[BlackClock "0:01:09"]

1. e4 c6 2. d4 d5 3. Nd2 dxe4 4. Nxe4 Nf6 5. Ng5 h6 6. N5f3 Bg4 7. h3 Bh5 8. g4 Bg6 9. Ne5 Be4 10. f3 Bd5 11. c4 Be6 12. f4 Nbd7 13. f5 Nxe5 14. fxe6 Ng6 15. Nf3 fxe6 16. Bd3 Qd6 17. Bxg6+ 1-0


[Site "https://www.chess.com"]